 Dungeon Crawl Stone Soup version 0.20-a0-201-g851c6fa (webtiles) character file.

198 patrickswayze the Sneak (level 5, -1/31 HPs)
             Began as a Deep Elf Chaos Knight on Nov 25, 2016.
             Slain by a centaur skeleton (2 damage)
             ... on level 4 of the Dungeon.
             The game lasted 00:05:30 (2740 turns).

patrickswayze the Sneak (Deep Elf Chaos Knight)     Turns: 2740, Time: 00:05:31

Health: -1/31      AC:  6    Str:  9    XL:     5   Next: 47%
Magic:  7/7        EV: 12    Int: 20    God:    Xom [*.....]
Gold:   85         SH:  0    Dex: 15    Spells: 4/4 levels left

rFire  + . .     SeeInvis .     a - +0 short sword (chaos)
rCold  + . .     Gourm    .     b - +2 leather armour
rNeg   . . .     Faith    .     (no shield)
rPois  +         Spirit   .     (no helmet)
rElec  +         Reflect  .     (no cloak)
rCorr  +         Harm     .     v - +0 pair of gloves
MR     .....                    (no boots)
Stlth  +++.......               n - amulet of magic regeneration
                                (no ring)
                                d - +3 ring of intelligence

@: resistant
A: no striking features
a: Renounce Religion


You were on level 4 of the Dungeon.
You worshipped Xom.
You were a special plaything of Xom.
You were not hungry.

You visited 1 branch of the dungeon, and saw 4 of its levels.

You collected 85 gold pieces.


   Skills:
 - Level 2.4 Fighting
 - Level 3.0 Short Blades
 - Level 0.7 Armour
 - Level 2.4 Dodging
 + Level 7.0 Stealth


You had 4 spell levels left.
You didn't know any spells.

Inventory:

Hand Weapons
 a - a +0 short sword of chaos (weapon)
Missiles
 f - 12 tomahawks (quivered)
 j - 125 stones
Armour
 b - a +2 leather armour (worn)
 v - a +0 pair of gloves (worn)
Jewellery
 d - a +3 ring of intelligence (left hand)
 n - an amulet of magic regeneration (around neck)
Scrolls
 e - 5 scrolls of identify
 h - a scroll of blinking
 k - a scroll of teleportation
 q - a scroll of amnesia
Potions
 i - 2 potions of lignification {!q}
 l - a potion of degeneration {unknown}
 t - a potion of agility {unknown}
Comestibles
 c - 2 bread rations
 r - 4 meat rations
 u - 10 fruits


Message History

You hit the centaur skeleton.
The centaur skeleton flickers and vanishes!
Deactivating autopickup; reactivate with Ctrl-A.
Something hits you. x2
No target in view!
No target in view!
No target in view!
You hit something. Something hits you.
You hit something. Something hits you.
You barely miss something. Something hits you. Something hits you!
* * * LOW HITPOINT WARNING * * *
You hit something. Something hits you.
* * * LOW HITPOINT WARNING * * *
You hit something. Something hits you but does no damage.
It was a potion of resistance.
You feel protected.
Xom thinks this is hilarious!
Something hits you.
You die...
Xom yawns loudly!

#........#####...
.....#........#...#...
..#.#........#...#...
###.#.#........#...#...
#.....#.##.............
#.....#.##.............
#.....#................
.#.....#.....####......#
....).{@.....# #......#
#............# #.......
#........########.......
#.......>. #.........
#.........# #.........
........... ............
#......)........#.......
#...............#......#
......#.......


There were no monsters in sight!

Vanquished Creatures
  An orc wizard (D:3)
  Terence (D:3)
  6 adders
  2 dart slugs
  5 leopard geckos
  7 orcs (D:3)
  9 bats
  3 giant cockroaches
  8 goblins
  A hobgoblin (D:1)
  A hobgoblin (shapeshifter) (D:2)
  5 jackals
  11 kobolds
  2 ball pythons
  7 frilled lizards
  A quokka skeleton (D:4)
  10 rats
80 creatures vanquished.

Vanquished Creatures (others)
  5 dream sheep (D:3)
5 creatures vanquished.

Grand Total: 85 creatures vanquished

Notes
Turn   | Place    | Note
-------+----------+-------------------------------------------
     0 | D:1      | patrickswayze the Deep Elf Chaos Knight began the quest for the Orb.
     0 | D:1      | Reached XP level 1. HP: 13/13 MP: 3/3
    37 | D:1      | Reached skill level 1 in Stealth
   113 | D:1      | Reached skill level 2 in Stealth
   136 | D:1      | XOM: harmless Fire miscast
   153 | D:1      | Reached XP level 2. HP: 18/18 MP: 4/4
   355 | D:1      | XOM: silly message
   385 | D:1      | Reached skill level 3 in Stealth
   760 | D:1      | Reached XP level 3. HP: 22/22 MP: 5/5
   884 | D:2      | Reached skill level 4 in Stealth
   893 | D:2      | XOM: harmless Fire miscast
   979 | D:2      | Found an ancient bone altar of Kikubaaqudgha.
   981 | D:2      | Found a blossoming altar of Fedhas.
  1307 | D:2      | Found a blossoming altar of Fedhas.
  1312 | D:2      | Reached XP level 4. HP: 25/27 MP: 6/6
  1428 | D:2      | XOM: harmless Divn miscast
  1503 | D:2      | Reached skill level 5 in Stealth
  1536 | D:2      | XOM: divination: detect creatures
  1572 | D:3      | XOM: cloud trail
  1595 | D:3      | Noticed Terence
  1610 | D:3      | Killed Terence
  1771 | D:3      | Found a shimmering altar of Xom.
  1771 | D:3      | Noticed a dream sheep
  1771 | D:3      | Noticed a dream sheep
  1771 | D:3      | Noticed a dream sheep
  1771 | D:3      | Noticed a dream sheep
  1771 | D:3      | Noticed a dream sheep
  1776 | D:3      | Killed a dream sheep
  1776 | D:3      | Killed a dream sheep
  1776 | D:3      | Killed a dream sheep
  1778 | D:3      | Killed a dream sheep
  1779 | D:3      | Killed a dream sheep
  1791 | D:3      | XOM: divination: detect items
  1918 | D:3      | HP: 5/27 [orc/dagger (3)]
  2055 | D:3      | XOM: divination: magic mapping
  2066 | D:3      | HP: 3/27 [orc wizard/dagger (4)]
  2067 | D:3      | XOM: divination: magic mapping
  2071 | D:3      | Reached skill level 6 in Stealth
  2071 | D:3      | Reached XP level 5. HP: 13/31 MP: 7/7
  2109 | D:2      | XOM: potion effect (heal wounds)
  2425 | D:3      | XOM: silly message
  2506 | D:3      | Reached skill level 7 in Stealth
  2665 | D:4      | XOM: noise
  2738 | D:4      | HP: 1/31 [something (6)]
  2740 | D:4      | Slain by a centaur skeleton

Vault maps used:
D:1:      mushboom_english_gardens
D:2:      grunt_temple_overflow_growth_and_decay, hangedman_decor_growths,
          fedhas_altar_fruit_tree
D:3:      kb_xom_exploding_sheep, uniq_terence
D:4:      minitemple, lemuel_tele_altar

Action                   |  1- 3 |  4- 6 || total
-------------------------+-------+-------++-------
Melee: Short sword       |    86 |   107 ||   193
Throw: Tomahawk          |       |     2 ||     2
  Use: Scroll            |     3 |     6 ||     9
       Potion            |       |     4 ||     4
 Stab: Sleeping          |    11 |     6 ||    17
       Paralysed         |     2 |       ||     2
       Petrified         |       |     2 ||     2
       Distracted        |       |     1 ||     1
  Eat: Chunk             |     1 |     5 ||     6
Armor: Leather armour    |    26 |    32 ||    58
       Skin              |       |    19 ||    19
Dodge: Dodged            |    33 |    68 ||   101
